 Dungeon Crawl Stone Soup version 0.29-a0-474-gdfe5cd140f (webtiles) character file.

Game seed: 3967999901405563788

90 Infinimo the Ducker (level 4, -23/34 HPs)
             Began as a Demonspawn Gladiator on May 24, 2022.
             Killed from afar by Ijyb (27 damage)
             ... with a bolt of acid
             ... on level 3 of the Dungeon.
             The game lasted 00:03:29 (2479 turns).

Infinimo the Ducker (Demonspawn Gladiator)          Turns: 2479, Time: 00:03:29

Health: -23/34     AC:  4    Str: 14    XL:     4   Next: 32%
Magic:  5/5        EV: 12    Int: 12    God:
Gold:   113        SH:  0    Dex: 14    Spells: 5/5 levels left

rFire   . . .      SeeInvis .   a - +0 flail
rCold   . . .      Faith    .   (no shield)
rNeg    . . .      Spirit   .   b - +0 leather armour
rPois   .          Reflect  .   c - +0 helmet
rElec   .          Harm     .   (no cloak)
rCorr   .          Rampage  .   (no gloves)
Will    .....                   (no boots)
Stlth   +.........              (no amulet)
HPRegen 0.11/turn               (no ring)
MPRegen 0.09/turn               (no ring)

@: invisible
A: claws 2
a: no special abilities


You were on level 3 of the Dungeon.
You visited 1 branch of the dungeon, and saw 3 of its levels.

You collected 113 gold pieces.

Inventory:

Hand Weapons
 a - a +0 flail (weapon)
Missiles
 d - 3 throwing nets (quivered)
 e - 7 javelins
Armour
 b - a +0 leather armour (worn)
 c - a +0 helmet (worn)
Jewellery
 h - the ring of Oshonass {Fire Int+2}
   (You found it on level 3 of the Dungeon)

   [ring of fire]

   It enhances your fire magic.
   Int:       It affects your intelligence (+2).
   rF:        It protects you from fire.
   rC:        It makes you vulnerable to cold.
Potions
 f - a potion of brilliance {unknown}
 g - a potion of ambrosia {unknown}
 i - a potion of invisibility
 k - a potion of curing {unknown}


   Skills:
 + Level 2.6 Fighting
 - Level 3.0 Maces & Flails
 - Level 1.7 Throwing
 + Level 3.2 Dodging
 * Level 1.7 Unarmed Combat
 + Level 1.3 Spellcasting


You had 5 spell levels left.
You didn't know any spells.
Your spell library contained the following spells:

 Spells                   Type           Power      Damage    Failure   Level
 Tukima's Dance           Hex            0%         N/A       75%         3
 Passage of Golubria      Tloc           0%         N/A       98%         4
 Yara's Violent Unravell  Hex/Tmut       0%         3d3       100%        5


Dungeon Overview and Level Annotations

Branches:
Dungeon (3/15)

Altars:
Trog
Xom

Shops:
D:1 :

Annotations:
D:2 Sigmund
D:3 Ijyb


Innate Abilities, Weirdness & Mutations

You have very sharp fingernails.


Message History

No target in view!
Things that are here:
a +0 whip; a +0 leather armour; an orc corpse You now have 113 gold pieces (gained 5).
A bat comes into view.
A bat is nearby!
You sock the bat!
You kill the bat!
No target in view!
No target in view!
Found a shimmering altar of Xom.
An endoplasm comes into view.
The endoplasm quivers.
You thump the endoplasm!
You kill the endoplasm!
No target in view!
Ijyb the Twisted Goblin comes into view.
She is wielding a +0 club and carrying a wand of acid (13).
Ijyb is nearby!
Ijyb shouts!
Ijyb zaps a wand.
The bolt of acid hits you!!
Ouch! That really hurt!
* * * LOW HITPOINT WARNING * * *
The acid corrodes you!
Ijyb zaps a wand.
What are your orders? t - Shout!
Orders for allies: a - Attack new target. r - Retreat! s - Stop attacking. g - Guard the area. f - Follow me.
Anything else - Cancel.
Retreat in which direction?
Press: ? - help, Dir - move target, f - you
Okay, then.
Unknown command.
As you read the scroll labelled BESIHA MOUSISK, it crumbles to dust.
You feel a surge of unholy energy.
It was a scroll of torment.
You fade into invisibility!
You are no longer corroded.
Ijyb zaps a wand.
The bolt of acid hits you!!
Ouch! That really hurt!
You die...

#............#
#########............# .#
#####....................#
.#
#........................#
.#
#..P.PPPPP.P...........###
.###..P.......P.###.#######
......P.P...P.P.....#...
......P.P._.P.P.###.#.######
......P.P...P.P.@...........
......P.......P.###g########
.#....P.PPPPP.P.###.##
.#.##...........#....####
.#......#####...#.........
.######## #..........#####
........ +..............
.....### #..........####
........ #..........#


You could see Ijyb (can't see you).

Vanquished Creatures
  4 adders (D:2)
  3 worms
  A dart slug (D:2)
  An orc (D:3)
  3 ball pythons (D:1)
  2 endoplasms
  A giant cockroach (D:2)
  7 goblins
  3 hobgoblins
  A jackal (D:2)
  2 quokkas (D:1)
  2 bats
  A frilled lizard (D:1)
  7 kobolds
  4 rats
42 creatures vanquished.

Vanquished Creatures (others)
  16 demonic plants (D:2)
  4 fungi (D:2)
  5 plants (D:2)
  3 withered plants (D:2)
28 creatures vanquished.

Grand Total: 70 creatures vanquished

Notes
Turn   | Place    | Note
-------+----------+-------------------------------------------
     0 | D:1      | Infinimo the Demonspawn Gladiator began the quest for the
                  | Orb.
     0 | D:1      | Reached XP level 1. HP: 16/16 MP: 1/1
     2 | D:1      | Found Kytwyvasua's Book Shoppe.
   342 | D:1      | Gained mutation: You have sharp fingernails. [demonic
                  | ancestry]
   342 | D:1      | Reached XP level 2. HP: 22/22 MP: 2/2
   863 | D:2      | Found a faded altar of an unknown god.
   878 | D:2      | Noticed Sigmund
   978 | D:2      | Gained mutation: You have very sharp fingernails. [demonic
                  | ancestry]
   978 | D:2      | Reached XP level 3. HP: 25/28 MP: 2/4
   982 | D:2      | Reached skill level 1 in Unarmed Combat
   984 | D:2      | Reached skill level 1 in Spellcasting
  1656 | D:2      | Reached XP level 4. HP: 34/34 MP: 5/5
  2300 | D:3      | Found a bloodstained altar of Trog.
  2337 | D:3      | Identified the ring of Oshonass {Fire Int+2}
  2420 | D:3      | Found a shimmering altar of Xom.
  2459 | D:3      | Noticed Ijyb
  2479 | D:3      | Killed from afar by Ijyb

Illustrated notes

Levels and vault maps discovered:
D:1:      dpeg_arrival_tiny_a, layout_basic, serial_shops,
          nicolae_shop_advertising_works [nicolae_subvault_shop_adworks]
D:2:      layout_basic, shapermc_ecumenical_altar_gd, minmay_small_reverse_x,
          uniq_sigmund
D:3:      layout_basic, amcnicky_altar_gilded,
          mainiacjoe_overflow_cross_hatched, mainiacjoe_overflow_catwalk,
          grunt_ministairs_7, serial_bayou_pond_e, uniq_ijyb

Skill      XL: |  1  2  3 |
---------------+----------+-----
Maces & Flails | 3 |  3.0
Dodging        | 3 |  3.2
Unarmed Combat | 1 |  1.7
Spellcasting   | 1 |  1.3
Fighting       | |  2.6
Throwing       | |  1.7

Action                   |  1- 3 |  4- 6 || total
-------------------------+-------+-------++-------
Melee: Flail             |   100 |    37 ||   137
  Use: Scroll            |     1 |     3 ||     4
       Potion            |       |     1 ||     1
Armor: Leather armour    |    36 |    12 ||    48
Dodge: Dodged            |    88 |    18 ||   106

Table legend: (Time is in decaauts)
 A = Elapsed time spent in this place.
 B = Non-inter-level travel time spent in this place.
 C = Inter-level travel time spent in this place.
 D = Time resting spent in this place.
 E = Time spent auto-exploring this place.
 F = Levels seen in this place.
 G = Mean time per level.
                   A        B        C        D        E       F      G
               +--------+--------+--------+--------+--------+-----+--------+
         Total |   2516 |   2385 |    131 |      0 |   2004 |   3 |  838.7 |
       Dungeon |   2516 |   2385 |    131 |      0 |   2004 |   3 |  838.7 |
               +--------+--------+--------+--------+--------+-----+--------+

Top non-repeatable levels by time:
     D:2: 1249 daAuts
     D:1: 962 daAuts
     D:3: 303 daAuts
